 Dungeon Crawl Stone Soup version 0.28.0-53-g5a82cb258f (webtiles) character file.

Game seed: 1430441181928528280

33 firemarshallily the Sneak (level 3, -1/34 HPs)
             Began as a Naga Monk on June 16, 2022.
             Slain by an orc
             ... wielding a +0 trident
              (7 damage)
             ... on level 2 of the Dungeon.
             The game lasted 00:02:47 (603 turns).

firemarshallily the Sneak (Naga Monk)                Turns: 603, Time: 00:02:47

Health: -1/34      AC:  2    Str: 13    XL:     3   Next: 29%
Magic:  3/3        EV: 10    Int: 10    God:
Gold:   24         SH:  0    Dex: 15    Spells: 2/2 levels left

rFire   . . .      SeeInvis +   d - +1 dagger (venom)
rCold   . . .      Faith    .   (no shield)
rNeg    . . .      Spirit   .   b - +0 robe
rPois   +          Reflect  .   (no helmet)
rElec   .          Harm     .   (no cloak)
rCorr   .          Rampage  .   (no gloves)
Will    .....                   (no barding)
Stlth   +++.......              (no amulet)
HPRegen 0.11/turn               (no ring)
MPRegen 0.08/turn               (no ring)

@: short of breath, very slow
A: AC +1, large, see invisible, deformed body, poison resistance, slowness 2,
spit poison 1, naga tail 1
a: Spit Poison


You were on level 2 of the Dungeon.
You visited 1 branch of the dungeon, and saw 2 of its levels.

You collected 24 gold pieces.

Inventory:

Hand Weapons
 a - a +0 short sword
 d - a +1 dagger of venom (weapon)
Missiles
 c - 3 poisoned darts
Armour
 b - a +0 robe (worn)
Scrolls
 e - a scroll of amnesia {unknown}


   Skills:
 + Level 3.2 Fighting
 + Level 3.2 Short Blades
 * Level 2.8 Dodging
 * Level 4.0 Stealth


You had 2 spell levels left.
You didn't know any spells.
Your spell library was empty.

Dungeon Overview and Level Annotations

Branches:
Dungeon (1/15)

Altars:


Innate Abilities, Weirdness & Mutations

Your serpentine skin is tough. (AC +1)
You have supernaturally acute eyesight. (SInv)
Armour fits poorly on your strangely shaped body.
Your system is resistant to poisons. (rPois)
You cover ground very slowly.
You can spit poison.
You have a snake-like lower body.


Message History

Your Stealth skill increases to level 4!
You hit the orc.
The orc is lightly wounded.
The orc hits you with a +0 short sword. The orc wizard casts a spell at you.
The magic dart hits you.
You hit the orc.
The orc is poisoned.
The orc is severely wounded.
The orc barely misses you. The orc hits you with a +0 short sword.
You hit the orc.
You kill the orc!
You have got your breath back.
The endoplasm quivers.
The orc hits you from afar with a +0 trident!
* * * LOW HITPOINT WARNING * * *
The orc wizard points at you and mumbles some strange words.
You are confused.
It was a potion of curing.
You feel better. The orc barely misses you. The orc wizard closely misses you.
Aiming: Spit Poison (2% risk of failure)
Press: ? - help, Q - select action, (/) - cycle Shift-Dir - straight line, f - orc wizard, p - orc
Aim: an orc wizard, wielding a +0 dagger and wearing a +0 robe (50% to hit)
You fail to use your ability.
The orc misses you.
The orc wizard hits you with a +0 dagger.
Aiming: Spit Poison (2% risk of failure)
Press: ? - help, Q - select action, (/) - cycle Shift-Dir - straight line, f/p - orc wizard
Aim: an orc wizard, wielding a +0 dagger and wearing a +0 robe (50% to hit)
The splash of poison hits the orc wizard.
The orc wizard is poisoned.
The orc wizard is moderately wounded.
The orc closely misses you.
The orc wizard hits you with a +0 dagger.
* * * LOW HITPOINT WARNING * * *
You closely miss the orc wizard.
The orc wizard is moderately wounded.
The endoplasm hits you.
* * * LOW HITPOINT WARNING * * *
The orc hits you from afar with a +0 trident!
You die...

..# #.# # #.#
.#
######.####.#
.......>...
#.......#
#.......# #
.###..o@J..#.#
#..>..o)).....#
#..##.......###
...........[#
..##..)....# .
#########


You could see an orc wizard (poisoned), an orc and an endoplasm.

Vanquished Creatures
  An adder (D:2)
  2 orcs (D:2)
  A bat (D:1)
  2 endoplasms (D:1)
  5 giant cockroaches
  A goblin (D:1)
  3 hobgoblins
  A quokka (D:2)
  2 frilled lizards
  A kobold (D:1)
19 creatures vanquished.

Notes
Turn   | Place    | Note
-------+----------+-------------------------------------------
     0 | D:1      | firemarshallily the Naga Monk began the quest for the Orb.
     0 | D:1      | Reached XP level 1. HP: 21/21 MP: 1/1
    93 | D:1      | Reached XP level 2. HP: 19/28 MP: 2/2
   428 | D:1      | You fall into a shaft and drop 1 floor!
   556 | D:2      | Reached XP level 3. HP: 34/34 MP: 3/3
   597 | D:2      | Reached skill level 4 in Stealth
   603 | D:2      | Slain by an orc

Illustrated notes

Levels and vault maps discovered:
D:1:      erik_arrival_triangle_large, layout_basic
D:2:      layout_loops_ring, hellmonk_ecumenical_altar_run_dry

Skill      XL: |  1  2  3 |
---------------+----------+-----
Stealth        | 4 |  4.0
Fighting       | |  3.2
Short Blades   | |  3.2
Dodging        | |  2.8

Action                   || total
-------------------------++-------
Melee: Short sword       ||    15
       Punch             ||     1
       Dagger            ||    25
 Abil: Spit Poison       ||    16
  Use: Scroll            ||     1
       Potion            ||     1
 Stab: Sleeping          ||     1
Armor: Robe              ||    13
Dodge: Dodged            ||    32
